 Dungeon Crawl Stone Soup version 0.21.1-1-g345015fe64 (webtiles) character file.

7202 Norrik the Protected (level 10, 0/97 HPs)
             Began as a Minotaur Monk on Mar 22, 2018.
             Was a High Priest of Okawaru.
             Killed by vampiric draining
             ... invoked by a vampire
              (16 damage)
             ... on level 9 of the Dungeon.
             The game lasted 00:42:15 (10042 turns).

Norrik the Protected (Minotaur Monk)               Turns: 10042, Time: 00:42:16

Health: 0/97       AC: 21    Str: 23    XL:     10   Next: 87%
Magic:  0/9        EV: 15    Int:  7    God:    Okawaru [*****.]
Gold:   397        SH:  0    Dex: 14    Spells: 9/9 levels left

rFire    . . .     SeeInvis .   D - +1 trident (venom)
rCold    . . .     Gourm    .   (no shield)
rNeg     . . .     Faith    .   r - +0 plate armour
rPois    .         Spirit   +   (helmet restricted)
rElec    .         Reflect  .   t - +0 cloak
rCorr    .         Harm     .   p - +0 pair of gloves
MR       +....                  (no boots)
Stlth    ..........             M - amulet of guardian spirit
HPRegen  0.26/turn              w - ring of protection from magic
MPRegen  0.11/turn              B - +5 ring of strength

@: heroism
A: retaliatory headbutt, horns 2
a: Heroism, Finesse, Renounce Religion


You were on level 9 of the Dungeon.
You worshipped Okawaru.
Okawaru was extremely pleased with you.
You were hungry.

You visited 2 branches of the dungeon, and saw 11 of its levels.
You also visited: Sewer.

You collected 425 gold pieces.
You spent 28 gold pieces at shops.

Inventory:

Hand Weapons
 D - a +1 trident of venom (weapon)
Missiles
 e - 205 stones (quivered)
 k - 35 arrows
 H - a throwing net
Armour
 p - a +0 pair of gloves (worn)
 r - a +0 plate armour (worn)
 t - a +0 cloak (worn)
Jewellery
 w - a ring of protection from magic (left hand)
 B - a +5 ring of strength (right hand)
 M - an amulet of guardian spirit (around neck)
Wands
 a - a wand of digging (7)
 z - a wand of acid (8)
 E - a wand of polymorph (23)
 N - a wand of iceblast (7)
 Q - a wand of enslavement (18)
Scrolls
 d - 2 scrolls of fog
 f - 2 scrolls of teleportation {unknown}
 h - 2 scrolls of fear {unknown}
 i - 2 scrolls of amnesia
 j - 2 scrolls of random uselessness {unknown}
 m - 5 scrolls of blinking
 u - a scroll of enchant weapon {unknown}
 v - 2 scrolls of remove curse
 y - 2 scrolls of magic mapping {unknown}
 C - a scroll of enchant armour {unknown}
 F - 2 scrolls of identify
 G - a scroll of acquirement {unknown}
 J - a scroll of vulnerability {unknown}
 O - a scroll of immolation {unknown}
Potions
 b - 2 potions of ambrosia
 g - 2 potions of brilliance
 l - 2 potions of might {unknown}
 n - 2 potions of cancellation {unknown}
 o - 5 potions of curing
 q - 2 potions of magic {unknown}
 s - 5 potions of heal wounds
 x - a potion of berserk rage {unknown}
 A - a potion of agility
 I - a potion of flight {unknown}
 K - 4 potions of lignification {unknown}
Books
 L - the Disquisition on Enhancements
   (You found it on level 6 of the Dungeon)

   Spells                             Type                      Level
   a - Shroud of Golubria             Charms/Translocation         2
   b - Ozocubu's Armour               Charms/Ice                   3
   c - Excruciating Wounds            Charms/Necromancy            5
   d - Iskenderun's Battlesphere      Conjuration/Charms           5
Comestibles
 c - 22 rations
 P - a chunk of flesh


   Skills:
 + Level 12.0(17.0) Fighting
 - Level 3.6(8.6) Polearms
 - Level 12.1(17.1) Armour
 - Level 10.1(15.1) Dodging
 - Level 1.5(6.5) Stealth


You had 9 spell levels left.
You didn't know any spells.

Dungeon Overview and Level Annotations

Branches:
Dungeon (10/15)            Temple (1/1) D:7
   Lair: D:8-11         Orc: D:9-12

Altars:
Ashenzari
Cheibriados
Dithmenos
Elyvilon
Fedhas
Gozag
Hepliaklqana
Kikubaaqudgha
Makhleb
Nemelex Xobeh
Okawaru
Qazlal
Ru
Sif Muna
Trog
Uskayaw
Vehumet
Wu Jian
Xom
Yredelemnul
Zin
The Shining One

Shops:
D:7 *   D:8 =

Annotations:
D:7 1 runed door


Innate Abilities, Weirdness & Mutations

You reflexively headbutt those who attack you in melee.
You have a pair of horns on your head.


Message History

The vampire is infused with unholy energy.
* * * LOW HITPOINT WARNING * * *
The vampire draws life force from you and is healed!
You barely miss the vampire.
You headbutt the vampire, but do no damage.
The vampire is lightly damaged.
The vampire barely misses you. You furiously retaliate!
You headbutt the vampire.
The vampire bites you but does no damage.
You puncture the vampire!
The vampire is severely damaged.
The vampire completely misses you. The vampire barely misses you.
You hit the vampire but do no damage. You headbutt the vampire.
The vampire is almost destroyed.
The vampire hits you but does no damage.
The vampire completely misses you.
You closely miss the vampire.
The vampire is almost destroyed.
The vampire is infused with unholy energy.
You die...

...#).#
#....#....#...#.......#
...#.[#
#....#....#...#.......#
...#..#
#....#....#...#.#######
...#..# #....#....#+#'#.#
...#..# #....#..........#
...#..# #....+..........#
...#..#####....#..........#
####...........#..........#
...............#@.........#
######.........#V.........#
.....#.........#....#####.#
.....########'##....# #.###
....................# #...#
....................# #...#
#####...............# #...#
....#...............# #...#
....'...............#
#...#####


You could see a vampire.

Vanquished Creatures
  2 two-headed ogres (D:8)
  The ghost of teedree the Chopper, a novice HOFi of Vehumet (D:6)
  The ghost of squipdi the Covered, a novice GrFi of Qazlal (D:5)
  A hornet (D:9)
  2 hungry ghosts (D:8)
  3 wyverns
  A human (D:7)
  4 yaks
  3 hogs (D:7)
  Menkaure (D:5)
  Edmund (D:5)
  A porcupine (D:10)
  An ice beast (D:7)
  A sky beast (D:9)
  A black bear (D:8)
  2 ogres
  2 necrophages
  The ghost of Blank the Poker, an amateur MfSk (D:4)
  A centaur (D:9)
  2 big kobolds (D:8)
  5 bullfrogs
  A water moccasin skeleton (D:4)
  3 scorpions
  2 wights (D:10)
  A howler monkey (D:4)
  3 crimson imps
  A bullfrog zombie (D:5)
  A quasit (D:9)
  2 jellies
  5 orc wizards
  A centaur skeleton (D:8)
  An orc priest (D:3)
  A bullfrog skeleton (D:5)
  4 iguanas
  9 worker ants
  3 hound skeletons
  A worker ant zombie (D:8)
  Robin (D:3)
  11 gnolls
  A howler monkey zombie (D:5)
  6 adders
  4 adder skeletons
  An adder zombie (D:7)
  A worm (D:2)
  A dart slug (D:3)
  10 leopard geckos
  27 orcs
  6 ball pythons
  7 giant cockroaches
  18 goblins
  13 hobgoblins
  10 jackals
  19 kobolds
  6 quokkas
  10 bats
  10 frilled lizards
  A quokka skeleton (D:9)
  A quokka zombie (D:4)
  13 rats
  A spectral orc (D:3)
  2 plants (Sewer)
256 creatures vanquished.

Vanquished Creatures (others)
  18 fungi (D:10)
  2 plants (D:10)
20 creatures vanquished.

Grand Total: 276 creatures vanquished

Notes
Turn   | Place    | Note
-------+----------+-------------------------------------------
     0 | D:1      | Norrik the Minotaur Monk began the quest for the Orb.
     0 | D:1      | Reached XP level 1. HP: 19/19 MP: 0/0
    61 | D:1      | Reached XP level 2. HP: 25/28 MP: 1/1
   456 | D:1      | Reached skill level 5 in Fighting
   543 | D:1      | Reached XP level 3. HP: 34/36 MP: 2/2
  1732 | D:3      | Noticed Robin
  1761 | D:3      | Reached XP level 4. HP: 34/44 MP: 3/3
  1771 | D:3      | Killed Robin
  2134 | D:3      | Reached XP level 5. HP: 38/52 MP: 4/4
  2214 | D:3      | Found a glowing drain.
  2249 | Sewer    | Entered a sewer
  3267 | D:3      | Found a basalt altar of Yredelemnul.
  3791 | D:4      | Reached XP level 6. HP: 52/61 MP: 5/5
  3915 | D:4      | Noticed Blank's ghost (amateur MfSk)
  4342 | D:4      | Reached XP level 7. HP: 68/70 MP: 6/6
  4485 | D:4      | Reached skill level 10 in Fighting
  4963 | D:4      | You fall through a shaft for 3 floors!
  5051 | D:7      | Found a staircase to the Ecumenical Temple.
  5086 | Temple   | Entered the Ecumenical Temple
  5127 | Temple   | Became a worshipper of Warmaster Okawaru
  5127 | Temple   | Reached * piety under Okawaru
  5127 | Temple   | Reached ** piety under Okawaru
  5403 | D:6      | Noticed teedree's ghost (novice HOFi)
  5571 | D:7      | Found a radiant altar of Vehumet.
  5606 | D:7      | Found a glowing golden altar of the Shining One.
  5608 | D:7      | Noticed an angel
  5609 | D:7      | Found a runed door.
  5683 | D:7      | Noticed a hog
  5683 | D:7      | Noticed a human
  5683 | D:7      | Noticed a hog
  5683 | D:7      | Noticed a hog
  5684 | D:7      | Noticed a yak
  5692 | D:7      | Killed a human
  5696 | D:7      | Killed a hog
  5696 | D:7      | Reached skill level 5 in Armour
  5696 | D:7      | Reached XP level 8. HP: 55/79 MP: 7/7
  5724 | D:7      | Reached *** piety under Okawaru
  6496 | D:6      | Killed teedree's ghost
  6496 | D:6      | Reached skill level 10 in Armour
  6496 | D:6      | Reached XP level 9. HP: 69/85 MP: 6/8
  6871 | D:6      | Identified the Disquisition on Enhancements
  6962 | D:5      | Entered Level 5 of the Dungeon
  7009 | D:5      | Noticed Menkaure
  7012 | D:5      | Killed Menkaure
  7121 | D:5      | Reached **** piety under Okawaru
  7134 | D:5      | Noticed squipdi's ghost (novice GrFi)
  7178 | D:5      | Killed squipdi's ghost
  7336 | D:5      | Noticed Edmund
  7365 | D:5      | Killed Edmund
  7577 | D:4      | Killed Blank's ghost
  7872 | D:7      | Found Foeti's Assorted Antiques.
  7879 | D:7      | Bought a golden potion for 28 gold pieces
  8163 | D:8      | Reached skill level 5 in Dodging
  8219 | D:8      | Noticed a two-headed ogre
  8248 | D:8      | Killed a two-headed ogre
  8248 | D:8      | Reached XP level 10. HP: 42/93 MP: 3/9
  8315 | D:8      | Reached ***** piety under Okawaru
  8535 | D:8      | Found Nevuemu's Jewellery Shop.
  8979 | D:8      | Noticed a two-headed ogre
  8988 | D:8      | Killed a two-headed ogre
  8988 | D:8      | Reached skill level 10 in Dodging
  9874 | D:10     | Entered Level 10 of the Dungeon
 10036 | D:9      | HP: 1/97 [vampire/vampiric draining (10)]
 10042 | D:9      | Killed from afar by a vampire

Skill      XL: |  1  2  3  4  5  6  7  8  9 10 |
---------------+-------------------------------+-----
Fighting       | 4 5 7 8 9 10 12 | 12.0
Armour         | 5 10 12 | 12.1
Dodging        | 7 10 | 10.1
Polearms       | |  3.6
Stealth        | |  1.5

Action                   |  1- 3 |  4- 6 |  7- 9 | 10-12 || total
-------------------------+-------+-------+-------+-------++-------
Melee: Spear             |   144 |   301 |    58 |       ||   503
       Headbutt          |    15 |    65 |    52 |    52 ||   184
       Trident           |       |       |   221 |   184 ||   405
Invok: Heroism           |       |       |     6 |     6 ||    12
  Use: Scroll            |     3 |     2 |     5 |       ||    10
       Potion            |       |       |     1 |     2 ||     3
 Stab: Sleeping          |     5 |       |       |       ||     5
  Eat: Chunk             |     2 |    10 |     6 |    10 ||    28
       Ration            |       |       |     2 |       ||     2
Armor: Robe              |     7 |       |       |       ||     7
       Plate armour      |    40 |   201 |   204 |    94 ||   539
Dodge: Dodged            |    42 |    80 |   111 |   112 ||   345
